Map: Defender's Landing LE

Players

Namshar - Winner!

  • Race: Zerg Zerg
  • Spawn Location: 7:00

JonSnow

  • Race: Zerg Zerg
  • Spawn Location: 1:00

Event: WCS Jonkoping 2017

VOD

Have the link to the VOD?

Description

Time

  • Played on: June 17, 2017, 3:50 p.m.
  • Length: 13:16

All games in this series

Show
View Real Time Build Order
Export as new Build Order

Namshar Zerg - Winner!

Build Orders: Pool First 

Get SALT Encoding   

  12  0:00  Drone  
  13  0:12  Overlord  
  13  0:17  Drone  
  14  0:30  Drone x2  
  14  0:34  Drone  
  17  0:44  Spawning Pool  
  17  0:47  Drone  
  17  1:07  Hatchery  
  17  1:10  Drone  
  17  1:12  Extractor  
  16  1:19  Drone  
  17  1:30  Queen  
  17  1:31  Zergling x2  
  17  1:32  Zergling x2  
  21  1:41  Overlord  
  21  1:49  Drone  
  22  2:02  Drone  
  22  2:06  Queen  
  25  2:11  Drone  
  26  2:20  Drone  
  26  2:21  Queen  
  29  2:33  Drone, Overlord  
  29  2:36  Drone  
  30  2:38  Metabolic Boost  
  30  2:39  Drone x3  
  33  2:45  Drone  
  33  2:46  Drone  
  35  2:52  Drone  
  36  3:06  Spine Crawler, Drone x2  
  36  3:12  Overlord  
  37  3:17  Drone  
  37  3:18  Drone x2  
  40  3:28  Zergling x2  
  40  3:29  Zergling x6  
  40  3:31  Overlord x2  
  40  3:33  Zergling x2  
  45  3:36  Evolution Chamber  
  45  3:40  Roach Warren  
  43  3:44  Zergling x2  
  43  3:45  Zergling x2  
  45  3:50  Zergling x8  
  49  4:04  Zerg Missile Weapons Level 1  
  49  4:06  Extractor, Drone  
  49  4:10  Drone x3  
  52  4:21  Drone  
  52  4:22  Drone x5  
  55  4:28  Lair  
  54  4:39  Drone x2  
  54  4:40  Drone  
  54  4:42  Drone x3  
  58  4:51  Extractor  
  56  4:56  Hatchery  
  56  4:58  Roach  
  56  4:59  Roach x5  
  67  5:06  Overlord  
  66  5:07  Overlord  
  66  5:14  Overlord  
  66  5:19  Drone, Overlord  
  66  5:21  Extractor, Roach  
  68  5:27  Roach x5  
  78  5:29  Glial Reconstitution  
  78  5:43  Drone  
  78  5:46  Evolution Chamber  
  78  5:52  Overseer  
  78  5:55  Drone x5  
  78  5:56  Drone  
  84  5:57  Zerg Missile Weapons Level 2  
  83  6:07  Drone  
  83  6:08  Infestation Pit  
  83  6:09  Drone x2  
  85  6:16  Hydralisk Den  
  84  6:20  Drone  
  84  6:21  Drone x2  
  84  6:22  Drone x2  
  84  6:23  Drone  
  88  6:29  Queen  
  88  6:30  Queen x2  
  88  6:32  Spore Crawler  
  83  6:36  Spore Crawler  
  83  6:37  Spore Crawler  
  71  6:40  Roach x3  
  73  6:48  Spore Crawler  
  73  6:49  Roach x3  
  73  6:50  Roach  
  73  6:53  Zerg Ground Armor Level 1  
  80  7:04  Drone  
  80  7:05  Overlord x2  
  79  7:16  Queen  
  79  7:17  Overlord x3  
  81  7:23  Extractor, Drone  
  81  7:24  Drone x2  
  81  7:26  Muscular Augments  
  83  7:30  Hydralisk x3  
  83  7:31  Hydralisk x2  
  93  7:37  Drone x3  
  96  7:45  Hydralisk  
  96  7:46  Hydralisk x3  
  104  7:51  Hydralisk  
  104  7:52  Hydralisk x2  
  106  7:58  Hydralisk  
  106  7:59  Hydralisk x2  
  106  8:02  Hydralisk  
  112  8:07  Hydralisk x2  
  114  8:33  Extractor, Spore Crawler  
  108  8:37  Hydralisk x5  
  108  8:38  Hydralisk  
  108  8:40  Drone x2  
  112  8:42  Infestation Pit  
  112  8:48  Drone  
  108  8:52  Roach  
  108  8:53  Roach x4  
  108  8:54  Spore Crawler  
  117  8:56  Hatchery  
  117  8:58  Drone  
  117  9:02  Spore Crawler  
  114  9:05  Roach x4  
  114  9:08  Spore Crawler  
  122  9:16  Overlord x3  
  122  9:19  Unknown  
  122  9:24  Pathogen Glands  
  122  9:25  Hatchery, Drone  
  122  9:26  Overlord  
  122  9:28  Overlord  
  122  9:33  Roach  
  122  9:46  Infestor x3  
  122  9:48  Infestor  
  132  9:52  Roach  
  132  9:53  Roach x5  
  132  9:59  Roach x3  
  146  10:02  Drone  
  146  10:04  Spore Crawler  
  146  10:06  Burrow  
  142  10:08  Overlord  
  142  10:19  Infestor  
  144  10:21  Ravager x2  
  144  10:23  Drone x2  
  144  10:24  Drone x2  
  144  10:26  Roach x4  
  158  10:39  Roach x7  
  172  10:48  Spore Crawler  
  171  10:51  Roach  
  171  10:52  Roach x2  
  175  11:08  Ravager  
  175  11:09  Overlord x4  
  176  11:31  Roach x12  
  194  11:45  Roach  
  194  11:46  Roach x2  
  198  11:56  Roach  
  200  12:05  Unknown x5, Roach x3  
  200  12:07  Roach  
  198  12:20  Roach  
  198  12:21  Roach x4  
  182  12:32  Hydralisk x11  
  175  12:56  Unknown  
  166  12:59  Hatchery  
Show
View Real Time Build Order
Export as new Build Order

JonSnow Zerg 

Build Orders: Hatch First 

Get SALT Encoding   

  12  0:00  Drone  
  13  0:13  Overlord  
  13  0:17  Drone  
  14  0:31  Drone x2  
  17  0:35  Drone  
  17  0:52  Hatchery  
  17  0:56  Drone  
  17  1:00  Drone  
  18  1:10  Extractor  
  17  1:14  Spawning Pool  
  17  1:17  Drone  
  17  1:21  Drone  
  18  1:29  Overlord  
  18  1:41  Drone  
  19  2:02  Queen, Zergling x2  
  19  2:04  Queen  
  24  2:10  Drone x2  
  24  2:11  Metabolic Boost, Drone  
  24  2:15  Drone  
  28  2:23  Drone  
  28  2:27  Drone  
  30  2:35  Zergling x2  
  30  2:36  Baneling Nest  
  29  2:40  Queen  
  31  2:45  Overlord  
  32  2:58  Lair  
  32  3:03  Drone x4  
  36  3:07  Drone  
  36  3:08  Extractor  
  36  3:22  Drone x7  
  43  3:28  Drone  
  44  3:40  Extractor  
  43  3:42  Extractor, Spine Crawler  
  43  3:46  Drone x3  
  44  3:49  Overlord  
  44  3:50  Overlord x2  
  44  4:00  Spire  
  42  4:04  Drone  
  42  4:06  Overlord  
  43  4:13  Drone  
  43  4:14  Drone x4  
  48  4:20  Zergling x2  
  48  4:21  Zergling x4  
  49  4:26  Zergling x2  
  49  4:30  Zergling x2  
  49  4:42  Spire  
  49  4:44  Drone  
  49  4:45  Drone x3  
  49  4:47  Drone  
  49  4:50  Drone  
  50  4:55  Drone  
  51  5:02  Drone x2  
  54  5:14  Drone  
  54  5:15  Drone  
  54  5:16  Hatchery  
  54  5:23  Overlord  
  53  5:44  Spine Crawler  
  50  5:53  Mutalisk x8  
  50  5:56  Mutalisk  
  68  5:59  Mutalisk  
  68  6:00  Mutalisk  
  68  6:02  Zergling x2  
  68  6:03  Zergling x2  
  73  6:08  Zergling x2  
  73  6:09  Zergling x2  
  75  6:13  Zergling x6  
  78  6:23  Mutalisk x2  
  77  6:32  Mutalisk  
  70  6:34  Drone x2  
  70  6:35  Drone x2  
  73  6:42  Zergling x6  
  76  6:48  Drone  
  77  6:55  Hatchery  
  77  7:00  Drone  
  77  7:01  Drone x3  
  80  7:02  Drone  
  81  7:13  Mutalisk x3  
  83  7:23  Overlord x2  
  83  7:30  Overlord x2  
  83  7:37  Overlord  
  83  7:40  Queen  
  83  7:43  Roach Warren  
  84  7:48  Mutalisk x3  
  90  7:57  Mutalisk x2  
  90  7:58  Mutalisk  
  96  8:09  Mutalisk  
  96  8:15  Zergling x10  
  101  8:21  Mutalisk  
  101  8:25  Queen, Drone x3  
  104  8:29  Overseer  
  104  8:31  Mutalisk  
  104  8:33  Drone x2  
  102  8:39  Drone x2  
  102  8:42  Glial Reconstitution  
  102  8:43  Evolution Chamber  
  101  8:48  Drone x2  
  101  8:50  Drone  
  104  8:58  Zerg Flyer Weapons Level 1  
  98  9:04  Roach x4  
  104  9:12  Roach x3  
  104  9:14  Zerg Missile Weapons Level 1  
  110  9:17  Extractor  
  110  9:18  Extractor  
  110  9:20  Roach  
  110  9:22  Drone x4  
  114  9:28  Roach  
  116  9:40  Roach x3  
  120  9:47  Roach x3  
  126  9:54  Drone  
  126  9:55  Drone x2  
  126  9:58  Overlord x3  
  129  10:05  Hatchery  
  128  10:07  Pneumatized Carapace  
  128  10:08  Ravager  
  128  10:09  Ravager, Overlord x2  
  128  10:13  Overlord  
  128  10:14  Overlord  
  130  10:20  Ravager x5  
  135  10:25  Roach  
  135  10:26  Roach x2  
  141  10:29  Roach  
  141  10:30  Roach  
  141  10:31  Ravager  
  144  10:36  Roach x2  
  144  10:41  Roach  
  144  10:42  Roach x2  
  154  10:43  Overseer  
  154  10:51  Roach  
  154  10:52  Roach x2  
  154  10:54  Ravager  
  157  11:06  Overseer x2  
  157  11:09  Roach x7  
  171  11:14  Roach x2  
  171  11:16  Overlord  
  171  11:29  Roach  
  171  11:30  Roach x5  
  180  11:39  Roach  
  178  11:40  Roach x3  
  178  11:42  Overseer  
  178  11:45  Overlord  
  178  11:46  Ravager x3  
  181  11:53  Roach  
  181  11:54  Roach x2  
  183  11:58  Roach x3  
  183  11:59  Roach  
  175  12:11  Roach  
  175  12:12  Roach x4  
  181  12:18  Roach x2  
  155  12:23  Roach  
Tags
 
Add a new tag
Caveats
  • Supply blocks, unpowered buildings, or Contaminate may cause inaccurate times.
  • Supply counts are checked every 10 seconds.